3AA
BILLINGS POLAR BEARS @ MARQUETTE MINERS
09/03/2030
 
TOP OF THE 1ST
Billings Polar Bears batting - Pitching for Marquette Miners : RHP Juan Parales
Pitching: RHP Juan Parales
Batting: RHB José Cruz 0-0: Fly out, F7 (Flyball, 7S)
Batting: RHB Mariano Sánchez 0-0: Ball
1-0: Called Strike
1-1: Ball
2-1: Ground out 6-3 (Groundball, 6MS)
Batting: LHB Chris Hill 0-0: Called Strike
0-1: Ball
1-1: Ball
2-1: Ball
3-1: Base on Balls
Batting: SHB Kilipaki Malamapono 0-0: Ball
1-0: Ball
2-0: Ball
3-0: Called Strike
3-1: Foul Ball, location: 2F
3-2: Base on Balls
Chris Hill to second
Batting: RHB António Canales 0-0: Foul Ball, location: 2F
0-1: Called Strike
0-2: Ball
1-2: Ball
2-2: Strikes out looking
Top of the 1st over - 0 runs, 0 hits, 0 errors, 2 left on base; Billings 0 - Marquette 0
BOTTOM OF THE 1ST
Marquette Miners batting - Pitching for Billings Polar Bears : RHP Elias Ijzendoorn
Pitching: RHP Elias Ijzendoorn
Batting: SHB Theron Montecalvo 0-0: Swinging Strike
0-1: Foul Ball, location: 2F
0-2: Ball
1-2: Foul Ball, location: 2F
1-2: Fly out, F4 (Line Drive, 4)
Batting: RHB Andrew Cantrell 0-0: Ball
1-0: Called Strike
1-1: Ball
2-1: Foul Ball, location: 2F
2-2: Ball
3-2: Base on Balls
Batting: LHB Adrian McCoy 0-0: Grounds into double play, 4-6-3 (Groundball, 4)
Bottom of the 1st over - 0 runs, 0 hits, 0 errors, 0 left on base; Billings 0 - Marquette 0
TOP OF THE 2ND
Billings Polar Bears batting - Pitching for Marquette Miners : RHP Juan Parales
Batting: SHB Tomás Solorzano 0-0: Ball
1-0: Ball
2-0: Ball
3-0: Base on Balls
Batting: RHB Nathan Landrum 0-0: Ball
1-0: Called Strike
1-1: Called Strike
1-2: Ball
2-2: Foul Ball, location: 2F
2-2: Ball
3-2: Foul Ball, location: 2F
3-2: Foul Ball, location: 2F
3-2: Grounds into double play, 6-4-3 (Groundball, 6)
Batting: LHB Steve Sconiers 0-0: Foul Ball, location: 2F
0-1: Ground out 6-3 (Groundball, 6D)
Top of the 2nd over - 0 runs, 0 hits, 0 errors, 0 left on base; Billings 0 - Marquette 0
BOTTOM OF THE 2ND
Marquette Miners batting - Pitching for Billings Polar Bears : RHP Elias Ijzendoorn
Batting: LHB Vicente Castaneda 0-0: Fly out, F8 (Flyball, 8LD)
Batting: RHB Franklin Kelley 0-0: Ball
1-0: Called Strike
1-1: Ball
2-1: Ball
3-1: Foul Ball, location: 2F
3-2: Fly out, F7 (Line Drive, 78M)
Batting: RHB Asko Riikonen 0-0: Swinging Strike
0-1: SINGLE (Groundball, 3L) (infield hit)
Batting: RHB Alejandro Márquez 0-0: Called Strike
0-1: Called Strike
0-2: Foul Ball, location: 2F
0-2: Fly out, F7 (Flyball, 78XD)
Bottom of the 2nd over - 0 runs, 1 hit, 0 errors, 1 left on base; Billings 0 - Marquette 0
TOP OF THE 3RD
Billings Polar Bears batting - Pitching for Marquette Miners : RHP Juan Parales
Batting: RHB Corey Dudding 0-0: Called Strike
0-1: Called Strike
0-2: Fly out, F6 (Popup, 56D)
Batting: RHB José Cruz 0-0: Foul Ball, location: 2F
0-1: Ball
1-1: Swinging Strike
1-2: Ground out 5-3 (Groundball, 56)
Batting: RHB Mariano Sánchez 0-0: Called Strike
0-1: Ball
1-1: Ground out 5-3 (Groundball, 56)
Top of the 3rd over - 0 runs, 0 hits, 0 errors, 0 left on base; Billings 0 - Marquette 0
BOTTOM OF THE 3RD
Marquette Miners batting - Pitching for Billings Polar Bears : RHP Elias Ijzendoorn
Batting: SHB Ted Tullo 0-0: Ball
1-0: Called Strike
1-1: Ball
2-1: Ground out 4-3 (Groundball, 4)
Batting: RHB Isaac Downey 0-0: Called Strike
0-1: Reached on error, E6 (Groundball, 6)
Pitching: RHP Orlando Uribe
Batting: SHB Theron Montecalvo 0-0: Called Strike
0-1: Swinging Strike
0-2: Foul Ball, location: 2F
0-2: Foul Ball, location: 2F
0-2: Fly out, F7 (Line Drive, 78M)
Batting: RHB Andrew Cantrell 0-0: Called Strike
0-1: Ball
1-1: Called Strike
1-2: Ball
2-2: Foul Ball, location: 2F
2-2: Foul Ball, location: 2F
2-2: Foul Ball, location: 2F
2-2: SINGLE (Line Drive, 5)
Isaac Downey to third
Runner from 3rd tries for Home, SAFE, no throw
Batting: LHB Adrian McCoy 0-0: Ball
1-0: DOUBLE (Line Drive, 8RD)
Andrew Cantrell to third
Runner from 3rd tries for Home, SAFE, no throw
Batting: LHB Vicente Castaneda 0-0: Called Strike
0-1: Ball
1-1: Swinging Strike
1-2: Foul Ball, location: 2F
1-2: Ball
2-2: Ball
3-2: Base on Balls
Batting: RHB Franklin Kelley 0-0: Ball
1-0: Ball
2-0: Called Strike
2-1: Ball
3-1: Ground out 6-3 (Groundball, 6MS)
Bottom of the 3rd over - 2 runs, 2 hits, 1 error, 2 left on base; Billings 0 - Marquette 2
TOP OF THE 4TH
Billings Polar Bears batting - Pitching for Marquette Miners : RHP Juan Parales
Batting: LHB Chris Hill 0-0: Ball
1-0: SINGLE (Groundball, 4MD)
Batting: SHB Kilipaki Malamapono 0-0: SINGLE (Line Drive, 6D)
Chris Hill to second
Batting: RHB António Canales 0-0: Ball
1-0: Ball
2-0: Foul Ball, location: 2F
2-1: Grounds into double play, 5-4-3 (Groundball, 56)
Chris Hill to third
Batting: SHB Tomás Solorzano 0-0: Called Strike
0-1: Ball
1-1: Ground out 3-1 (Groundball, 34)
Top of the 4th over - 0 runs, 2 hits, 0 errors, 1 left on base; Billings 0 - Marquette 2
BOTTOM OF THE 4TH
Marquette Miners batting - Pitching for Billings Polar Bears : RHP Orlando Uribe
Batting: RHB Asko Riikonen 0-0: Ball
1-0: Called Strike
1-1: Fly out, F9 (Flyball, 9LS)
Batting: RHB Alejandro Márquez 0-0: Called Strike
0-1: Ball
1-1: Ball
2-1: SINGLE (Line Drive, 4MD)
Batting: SHB Ted Tullo 0-0: Ball
1-0: Swinging Strike
1-1: Ball
2-1: Ball
3-1: Base on Balls
Alejandro Márquez to second
Batting: RHB Isaac Downey 0-0: Foul Ball, location: 2F
0-1: Foul Ball, location: 2F
0-2: Ball
1-2: Foul Ball, location: 2F
1-2: Fly out, F8 (Flyball, 8RS)
Batting: SHB Theron Montecalvo 0-0: Fielders Choice at 2nd, 5-4 (Groundball, 6)
Bottom of the 4th over - 0 runs, 1 hit, 0 errors, 2 left on base; Billings 0 - Marquette 2
TOP OF THE 5TH
Billings Polar Bears batting - Pitching for Marquette Miners : RHP Juan Parales
Batting: RHB Nathan Landrum 0-0: Ball
1-0: Ball
2-0: Fly out, F8 (Line Drive, 8LM)
Batting: LHB Steve Sconiers 0-0: Called Strike
0-1: Ball
1-1: Ball
2-1: Foul Ball, location: 2F
2-2: Ball
3-2: Foul Ball, location: 2F
3-2: SINGLE (Line Drive, 7S)
Batting: RHB Corey Dudding 0-0: Ball
1-0: Ball
2-0: SINGLE (Line Drive, 89S)
Steve Sconiers to second
Batting: RHB José Cruz 0-0: Ball
1-0: DOUBLE (Line Drive, 7LM)
Steve Sconiers scores
Corey Dudding to third
Runner from 3rd tries for Home, SAFE, no throw
Batting: RHB Mariano Sánchez 0-0: Ball
1-0: Swinging Strike
1-1: Swinging Strike
1-2: Foul Ball, location: 2F
1-2: Ball
2-2: Ball
3-2: Base on Balls
Batting: LHB Chris Hill 0-0: Ball
1-0: Called Strike
1-1: Ball
2-1: Ball
3-1: Called Strike
3-2: Base on Balls
José Cruz to third
Mariano Sánchez to second
Batting: SHB Kilipaki Malamapono 0-0: Ground out 5-3 (Groundball, 56S)
José Cruz scores
Mariano Sánchez to third
Chris Hill to second
Batting: RHB António Canales 0-0: Fly out, F8 (Flyball, 8RS)
Top of the 5th over - 3 runs, 3 hits, 0 errors, 2 left on base; Billings 3 - Marquette 2
BOTTOM OF THE 5TH
Marquette Miners batting - Pitching for Billings Polar Bears : RHP Orlando Uribe
Batting: RHB Andrew Cantrell 0-0: Called Strike
0-1: Ball
1-1: Ball
2-1: Fly out, F4 (Popup, 34)
Batting: LHB Adrian McCoy 0-0: Ball
1-0: Ball
2-0: Called Strike
2-1: Called Strike
2-2: Ball
3-2: Foul Ball, location: 2F
3-2: Fly out, F9 (Line Drive, 89M)
Batting: LHB Vicente Castaneda 0-0: Foul Ball, location: 2F
0-1: Fly out, F9 (Flyball, 9D)
Bottom of the 5th over - 0 runs, 0 hits, 0 errors, 0 left on base; Billings 3 - Marquette 2
TOP OF THE 6TH
Billings Polar Bears batting - Pitching for Marquette Miners : RHP Juan Parales
Batting: SHB Tomás Solorzano 0-0: Called Strike
0-1: Ground out 5-3 (Groundball, 56)
Batting: RHB Nathan Landrum 0-0: Ball
1-0: Ground out 5-3 (Groundball, 56S)
Batting: LHB Steve Sconiers 0-0: Foul Ball, location: 2F
0-1: Ball
1-1: Fly out, F7 (Flyball, 7LS)
Top of the 6th over - 0 runs, 0 hits, 0 errors, 0 left on base; Billings 3 - Marquette 2
BOTTOM OF THE 6TH
Marquette Miners batting - Pitching for Billings Polar Bears : RHP Orlando Uribe
Batting: RHB Franklin Kelley 0-0: Ball
1-0: Called Strike
1-1: Swinging Strike
1-2: Ball
2-2: Strikes out looking
Batting: RHB Asko Riikonen 0-0: Foul Ball, location: 2F
0-1: Swinging Strike
0-2: Ball
1-2: Fly out, F6 (Line Drive, 6M)
Batting: RHB Alejandro Márquez 0-0: Ball
1-0: Ground out 5-3 (Groundball, 5)
Bottom of the 6th over - 0 runs, 0 hits, 0 errors, 0 left on base; Billings 3 - Marquette 2
TOP OF THE 7TH
Billings Polar Bears batting - Pitching for Marquette Miners : RHP Juan Parales
Batting: RHB Corey Dudding 0-0: Ball
1-0: Foul Ball, location: 2F
1-1: Swinging Strike
1-2: Ball
2-2: Strikes out swinging
Batting: RHB José Cruz 0-0: Foul Ball, location: 2F
0-1: Ball
1-1: Foul Ball, location: 2F
1-2: Ground out 5-3 (Groundball, 56)
Batting: RHB Mariano Sánchez 0-0: Foul Ball, location: 2F
0-1: Ball
1-1: Ball
2-1: Foul Ball, location: 2F
2-2: SINGLE (Groundball, 6MD)
Batting: LHB Chris Hill 0-0: Called Strike
0-1: Fly out, F8 (Flyball, 8LD)
Top of the 7th over - 0 runs, 1 hit, 0 errors, 1 left on base; Billings 3 - Marquette 2
BOTTOM OF THE 7TH
Marquette Miners batting - Pitching for Billings Polar Bears : RHP Orlando Uribe
Pitching: LHP Awad Mahmudnizhad
Batting: SHB Ted Tullo 0-0: Called Strike
0-1: Fly out, F4 (Popup, 34D)
Batting: RHB Isaac Downey 0-0: Called Strike
0-1: Swinging Strike
0-2: Ball
1-2: Ball
2-2: Ball
3-2: Ground out 5-3 (Groundball, 56S)
Batting: SHB Theron Montecalvo 0-0: Fly out, F4 (Popup, 4D)
Bottom of the 7th over - 0 runs, 0 hits, 0 errors, 0 left on base; Billings 3 - Marquette 2
TOP OF THE 8TH
Billings Polar Bears batting - Pitching for Marquette Miners : RHP Juan Parales
Batting: SHB Kilipaki Malamapono 0-0: Foul Ball, location: 2F
0-1: Ball
1-1: Ball
2-1: Ball
3-1: Ground out U3 (Groundball, 34)
Pitching: RHP Felipe Pereira
Batting: RHB António Canales 0-0: Foul Ball, location: 2F
0-1: Ball
1-1: SINGLE (Groundball, 6MD)
Batting: SHB Tomás Solorzano 0-0: Ball
1-0: Ball
António Canales is caught stealing 2nd base
2-0: Ball
3-0: Called Strike
3-1: SINGLE (Groundball, 4) (infield hit)
Batting: RHB Nathan Landrum 0-0: Ball
1-0: Called Strike
1-1: Ball
2-1: Ball
3-1: Ground out 4-3 (Groundball, 4)
Top of the 8th over - 0 runs, 2 hits, 0 errors, 1 left on base; Billings 3 - Marquette 2
BOTTOM OF THE 8TH
Marquette Miners batting - Pitching for Billings Polar Bears : LHP Awad Mahmudnizhad
Now at 3B: Dale Blair
Batting: RHB Andrew Cantrell 0-0: Ball
1-0: Swinging Strike
1-1: Called Strike
1-2: SINGLE (Groundball, 6MD)
Batting: LHB Adrian McCoy 0-0: Called Strike
0-1: Called Strike
0-2: Ball
1-2: Strikes out swinging
Pinch Hitting: RHB Mark Keys 0-0: Called Strike
0-1: Ball
1-1: Ball
2-1: SINGLE (Line Drive, 7LM)
Andrew Cantrell to second
Pitching: RHP Roberto Roque
Batting: RHB Franklin Kelley 0-0: Ball
1-0: Ball
2-0: Ball
3-0: Called Strike
3-1: Base on Balls
Andrew Cantrell to third
Mark Keys to second
Batting: RHB Asko Riikonen 0-0: Ball
1-0: Ball
2-0: Ball
3-0: Base on Balls
Andrew Cantrell scores
Mark Keys to third
Franklin Kelley to second
Batting: RHB Alejandro Márquez 0-0: Grounds into double play, 4-2-3 (Groundball, 4)
Bottom of the 8th over - 1 run, 2 hits, 0 errors, 2 left on base; Billings 3 - Marquette 3
TOP OF THE 9TH
Billings Polar Bears batting - Pitching for Marquette Miners : RHP Felipe Pereira
Now at 3B: Mark Keys
Batting: LHB Steve Sconiers 0-0: Ball
1-0: Called Strike
1-1: Ball
2-1: Ball
3-1: Base on Balls
Batting: RHB Corey Dudding 0-0: Ball
Steve Sconiers steals 2nd base
1-0: Foul Ball, location: 2F
1-1: Ball
2-1: Ball
Steve Sconiers steals 3rd base
3-1: Hit by Pitch
Batting: RHB José Cruz 0-0: Ball
1-0: Foul Ball, location: 2F
1-1: Ball
2-1: Called Strike
2-2: Ball
3-2: DOUBLE (Line Drive, 8LD)
Steve Sconiers scores
Corey Dudding to third
Runner from 3rd tries for Home, SAFE, no throw
Pitching: RHP Jeff Starr
Batting: RHB Mariano Sánchez 0-0: Called Strike
0-1: 2-RUN HOME RUN (Flyball, 9LD), Distance : 361 ft
Batting: LHB Chris Hill 0-0: Ball
1-0: Called Strike
1-1: Swinging Strike
1-2: Strikes out swinging
Batting: SHB Kilipaki Malamapono 0-0: Called Strike
0-1: Ball
1-1: SINGLE (Flyball, 89M)
Batting: RHB Dale Blair 0-0: Ball
1-0: Called Strike
1-1: SINGLE (Line Drive, 89M)
Kilipaki Malamapono to second
Runner from 2nd tries for 3rd, SAFE, no throw
Batting: SHB Tomás Solorzano 0-0: Called Strike
0-1: Fly out, F8 (Flyball, 8RS)
Runner from 3rd tags up, SCORES, no throw
Batting: RHB Nathan Landrum 0-0: Ground out 6-3 (Groundball, 6M)
Top of the 9th over - 5 runs, 4 hits, 0 errors, 1 left on base; Billings 8 - Marquette 3
BOTTOM OF THE 9TH
Marquette Miners batting - Pitching for Billings Polar Bears : RHP Roberto Roque
Batting: SHB Ted Tullo 0-0: Ball
1-0: Ground out 3-1 (Groundball, 34)
Batting: RHB Isaac Downey 0-0: Called Strike
0-1: SINGLE (Groundball, 6MD)
Batting: SHB Theron Montecalvo 0-0: Ball
1-0: Ball
2-0: SINGLE (Line Drive, 8RS)
Isaac Downey to second
Batting: RHB Andrew Cantrell 0-0: Swinging Strike
0-1: Foul Ball, location: 2F
0-2: Foul Ball, location: 2F
0-2: Ball
1-2: Ball
2-2: Ball
3-2: Base on Balls
Isaac Downey to third
Theron Montecalvo to second
Batting: LHB Adrian McCoy 0-0: Called Strike
0-1: Ball
1-1: Ball
2-1: DOUBLE (Flyball, 78D)
Isaac Downey scores
Theron Montecalvo scores
Andrew Cantrell to third
Batting: RHB Mark Keys 0-0: Called Strike
0-1: Ball
1-1: Foul Ball, location: 2F
1-2: Foul Ball, location: 2F
1-2: Foul Ball, location: 2F
1-2: Ground out U3 (Groundball, 34)
Andrew Cantrell scores
Adrian McCoy to third
Batting: RHB Franklin Kelley 0-0: Fly out, F5 (Popup, 5F)
Bottom of the 9th over - 3 runs, 3 hits, 0 errors, 1 left on base; Billings 8 - Marquette 6
Sunday, March 18th, 2018 - OOTP Baseball 18.8 Build 76